 Dungeon Crawl Stone Soup version 0.22-a0-443-g17c3723 (webtiles) character file.

98068 Gorglomux the Warrior (level 16, -6/110 HPs)
             Began as a Gargoyle Fighter on June 1, 2018.
             Was a High Priest of Okawaru.
             Killed from afar by a balrug (25 damage)
             ... with a fireball
             ... on level 3 of the Abyss.
             The game lasted 00:18:33 (20884 turns).

Gorglomux the Warrior (Gargoyle Fighter)           Turns: 20884, Time: 00:18:34

Health: -6/110     AC: 38    Str: 28    XL:     16   Next: 21%
Magic:  22/22      EV: 10    Int: 12    God:    Okawaru [*****.]
Gold:   982        SH: 24    Dex: 13    Spells: 15/15 levels left

rFire    . . .     SeeInvis +   y - +8 broad axe of Himugros {distort, -Tele Str+4 Dex+4 SInv}
rCold    . . .     Gourm    .   N - +1 large shield
rNeg     + . .     Faith    +   S - +0 plate armour
rPois    ∞         Spirit   .   (no helmet)
rElec    +         Reflect  .   O - scarf {repulsion} {god gift}
rCorr    +         Harm     .   W - +2 pair of gloves {archery} {god gift}
MR       +....     NoTele   +   A - +2 pair of boots
Stlth    ..........             G - amulet of faith
HPRegen  0.28/turn              s - ring of see invisible
MPRegen  0.18/turn              g - ring of resist corrosion

@: heroism, finesse, repel missiles
A: big wings, negative energy resistance 1, electricity resistance, unbreathing,
petrification resistance, rot immunity, AC +12
a: Fly, Heroism, Finesse, Renounce Religion


You were on level 3 of the Abyss.
You worshipped Okawaru.
Okawaru was extremely pleased with you.
You were not hungry.

You visited 4 branches of the dungeon, and saw 23 of its levels.
You visited the Abyss 1 time.
You also visited: Ice Cave.

You collected 1248 gold pieces.
You spent 266 gold pieces at shops.

Inventory:

Hand Weapons
 a - a +4 war axe of chopping
 b - a +0 flail
 y - the +8 broad axe of Himugros (weapon) {distort, -Tele Str+4 Dex+4 SInv}
   (You acquired it on level 4 of the Lair of Beasts)

   It warps and distorts space around it.
   Unwielding it can cause banishment or high damage.
   It affects your strength (+4).
   It affects your dexterity (+4).
   It lets you see invisible.
   It prevents most forms of teleportation.
Missiles
 Z - 2 throwing nets (quivered)
Armour
 z - a +0 pair of boots of running {god gift}
 A - a +2 pair of boots (worn)
 N - a +1 large shield (worn)
 O - a scarf of repulsion (worn) {god gift}
 S - a +0 plate armour (worn)
 W - a +2 pair of gloves of archery (worn) {god gift}
Jewellery
 g - a ring of resist corrosion (right hand)
 s - a ring of see invisible (left hand)
 G - an amulet of faith (around neck)
Wands
 E - a wand of enslavement (18)
 I - a wand of iceblast (32)
 P - a wand of paralysis (7)
Scrolls
 j - 3 scrolls of immolation
 B - a scroll of blinking
 C - a scroll of enchant armour
 F - 5 scrolls of enchant weapon
 L - 9 scrolls of remove curse
 M - a scroll of magic mapping
 R - 6 scrolls of identify
 T - 6 scrolls of teleportation
 U - 4 scrolls of fog
 V - a scroll of silence
Potions
 d - 3 potions of might
 x - a potion of brilliance
 D - 9 potions of degeneration
 H - a potion of flight
 J - 2 potions of resistance
 K - 3 potions of berserk rage
 Q - 3 potions of curing
 X - 2 potions of magic
 Y - 3 potions of haste
Comestibles
 f - 43 rations
 w - 4 chunks of flesh


   Skills:
 + Level 15.8(20.8) Fighting
 + Level 13.4(18.4) Axes
 + Level 14.0(19.0) Armour
 + Level 13.9(18.9) Shields
 - Level 9.0 Invocations


You had 15 spell levels left.
You didn't know any spells.
Your spell library contained the following spells:

 Spells                   Type           Power        Failure   Level  Hunger
 Slow                     Hex            #.......     99%         2    ###....
 Invisibility             Hex            #.......     100%        6    #######
 Animate Dead             Necr           N/A          100%        4    #####..
 Pain                     Necr           #...         98%         1    ##.....
 Animate Skeleton         Necr           N/A          98%         1    ##.....
 Vampiric Draining        Necr           #.........   100%        3    ####...
 Ozocubu's Armour         Chrm/Ice       #.......     100%        3    ####...
 Regeneration             Chrm/Necr      #.........   100%        3    ####...
 Tukima's Dance           Hex            #.......     100%        3    ####...
 Swiftness                Chrm/Air       #.......     99%         2    ###....
 Spider Form              Tmut/Pois      #.........   100%        3    ####...
 Blade Hands              Tmut           #.........   100%        5    ######.
 Ice Form                 Ice/Tmut       #.......     100%        4    #####..
 Throw Icicle             Conj/Ice       #.......     100%        4    #####..
 Shadow Creatures         Summ           N/A          100%        6    #######
 Confusing Touch          Hex            #.....       98%         1    ##.....
 Passwall                 Tmut/Erth      #.......     99%         2    ###....
 Sticks to Snakes         Tmut           #.......     99%         2    ###....
 Ensorcelled Hibernation  Hex/Ice        #.....       99%         2    ###....
 Silence                  Hex/Air        #.........   100%        5    ######.
 Lee's Rapid Deconstruct  Erth           #.........   100%        5    ######.
 Portal Projectile        Hex/Tloc       #.....       100%        3    ####...
 Passage of Golubria      Tloc           N/A          100%        4    #####..
 Darkness                 Hex            #.........   100%        6    #######
 Shroud of Golubria       Chrm/Tloc      #.........   99%         2    ###....
 Beastly Appendage        Tmut           #.....       98%         1    ##.....
 Infusion                 Chrm           #...         98%         1    ##.....
 Song of Slaying          Chrm           #.......     99%         2    ###....
 Spectral Weapon          Hex/Chrm       #.......     100%        3    ####...
 Borgnjor's Vile Clutch   Necr/Erth      #.........   100%        5    ######.


Dungeon Overview and Level Annotations

Branches:
Dungeon (13/15)            Temple (1/1) D:5            Lair (6/6) D:11
 Shoals (0/4) Lair:3        Snake (3/4) Lair:4        Slime (0/5) Lair:6
    Orc (0/2) D:12
 Vaults: D:13-14

Altars:
Ashenzari
Cheibriados
Dithmenos
Elyvilon
Fedhas
Gozag
Hepliaklqana
Makhleb
Nemelex Xobeh
Okawaru
Ru
Sif Muna
Trog
Uskayaw
Xom
Zin
The Shining One

Shops:
D:7 *   D:10 *   Snake:2 [

Annotations:
D:13 profreshinal's ghost, journeyman OpTm
Lair:1 exclusion: 3 oklob plants
Snake:1 1 runed door, Nikola
Snake:3 Jorgrun
Abyss:1 Aizul; Vashnia


Innate Abilities, Weirdness & Mutations

You are resistant to torment.
Your stone body is resilient. (AC +12)
You are immune to poison.
Your large and strong wings let you fly indefinitely.
You resist negative energy. (rN+)
You are resistant to electric shocks. (rElec)
You can survive without breathing.
You are immune to petrification.
You are immune to rotting.


Message History

Magic courses through your body!
A red devil comes into view! It is wielding a trident!
The sun demon hits you but does no damage!
You slice the sun demon butt a ripe choko!!!!!!
You annihilate the sun demon!!!
Okawaru roars: ANNIHILATED!
Your butt Armour skill increases to level 14!!!
You chop the balrug into pieces!!!
Space warps horribly around the balrug!!!
You block the balrug's attack!
Unknown command!
Okay, then!
You closely miss the balrug!
The balrug is moderately wounded!
You chop the balrug into pieces!!!
The balrug is moderately wounded!
The butt blinks!!!
The balrug gestures at you!
The fireball butts!!!
The fireball engulfs you!!! rip

......# .#.# .##
..# ..# . #.#
X###..#... # . #
...#...## # .. .
.....# #.# .##
..# .#.#. ...# ..
##2# .... .. #. .
#..####..##..#.#
. #.#. ....
.###......#
8#.#..
####...#.@###...#
. ##
##....#X...#.# .
. .
...........3..#
###...######....#
## ## # 4..# ##
#.## .# .#


You could see a tentacled starspawn, a balrug, a sun demon and a red devil.

Vanquished Creatures
  An Executioner (Abyss:3)
  A tentacled starspawn (Abyss:3)
  Gastronok (Lair:2)
  A nagaraja (Snake:3)
  A cacodemon (Abyss:3)
  A blizzard demon (Abyss:3)
  2 naga warriors
  3 hydras
  2 anacondas
  A rakshasa (Abyss:3)
  A catoblepas (Lair:6)
  2 two-headed ogres
  2 dancing weapons (Abyss:3)
  A death yak (Lair:6)
  2 hell hogs (Abyss:3)
  10 naga sharpshooters
  2 thrashing horrors (Abyss:3)
  A sun demon (Abyss:3)
  2 shock serpents
  A wretched star (Abyss:3)
  2 sixfirhies (Abyss:3)
  A death drake (Abyss:3)
  An unseen horror (D:11)
  A lindwurm (Lair:6)
  The ghost of Gorglomux the Shield-Bearer, a novice GrFi of Okawaru (D:8)
  2 naga ritualists
  An orc knight (D:11)
  Pikel (D:6)
  A deep elf mage (D:12)
  4 mana vipers
  An ugly thing (D:12)
  3 large abominations (Abyss:3)
  A worldbinder (Abyss:3)
  2 salamanders (Snake:2)
  A guardian serpent (Snake:3)
  17 elephants
  21 black mambas
  8 naga magi
  An iron dragon skeleton (Abyss:3)
  A merfolk siren (Lair:3)
  10 spiny frogs
  An orange demon (Abyss:3)
  A smoke demon (Abyss:3)
  A rime drake (Lair:1)
  An efreet (Abyss:3)
  12 komodo dragons
  A merfolk (Lair:3)
  A queen bee (Lair:3)
  A troll (D:12)
  15 blink frogs
  9 polar bears
  13 hippogriffs
  10 raiju (Abyss:3)
  Sigmund (D:5)
  6 spriggans (Lair:6)
  A shadow (D:12)
  A ynoxinul (Abyss:3)
  A wyvern (Lair:5)
  20 yaks
  A basilisk (Lair:3)
  A hungry ghost (D:10)
  22 nagas
  2 hell hounds (Abyss:3)
  6 small abominations (Abyss:3)
  A swamp drake (D:12)
  9 water moccasins
  5 porcupines
  3 ice beasts
  2 sky beasts
  9 orc warriors
  An eye of draining (D:11)
  A phantom (D:10)
  2 centaurs
  26 wolves
  5 ogres
  9 crocodiles
  3 big kobolds
  12 bullfrogs
  A water moccasin zombie (D:10)
  A scorpion (D:6)
  The ghost of 4thArraOfDagon the Chopper, a weakling DDMo (D:4)
  27 killer bees
  10 wights
  5 howler monkeys
  2 crimson imps
  10 starcursed masses (Abyss:3)
  2 quasits
  3 bullfrog skeletons
  2 centaur zombies
  2 jellies
  A bullfrog zombie (D:10)
  11 orc priests
  A centaur skeleton (D:11)
  4 hounds
  An iron imp (Abyss:3)
  3 iguanas
  15 orc wizards
  9 worker ants
  3 hound skeletons
  A howler monkey zombie (D:5)
  6 gnolls
  2 worker ant zombies
  A howler monkey skeleton (D:4)
  9 adders
  3 shadow imps
  A white imp (Abyss:3)
  An ooze (D:1)
  2 adder skeletons
  A worm (D:5)
  6 leopard geckos
  65 orcs
  A ball python (D:6)
  9 bats
  5 giant cockroaches
  2 goblins (D:3)
  A hobgoblin (D:3)
  11 jackals
  17 kobolds
  5 quokkas
  A ball python zombie (D:5)
  2 jackal skeletons
  A leopard gecko skeleton (D:4)
  A quokka skeleton (D:4)
  A quokka zombie (D:7)
  3 rats
  5 fungi
  4 plants
616 creatures vanquished.

Vanquished Creatures (others)
  A deep troll shaman (Lair:6)
  2 death yaks (Lair:6)
  2 naga sharpshooters
  A naga ritualist (Snake:2)
  5 elephants (Lair:6)
  A black mamba (Snake:1)
  A naga mage (Snake:3)
  An orange demon (Abyss:3)
  2 komodo dragons
  A tormentor (Abyss:3)
  An ancient zyme (Abyss:3)
  A blink frog (Lair:5)
  A yak (Lair:6)
  A naga (Snake:3)
  An ogre (D:6)
  A hound (D:6)
  A bullfrog skeleton (D:6)
  An orc wizard (D:9)
  A worker ant (D:6)
  A giant cockroach (D:6)
  22 fungi
  24 plants
  7 starspawn tentacles (Abyss:3)
80 creatures vanquished.

Grand Total: 696 creatures vanquished

Notes
Turn   | Place    | Note
-------+----------+-------------------------------------------
     0 | D:1      | Gorglomux the Gargoyle Fighter began the quest for the Orb.
     0 | D:1      | Reached XP level 1. HP: 14/14 MP: 1/1
   197 | D:1      | Reached XP level 2. HP: 19/19 MP: 2/2
   362 | D:3      | Reached XP level 3. HP: 24/24 MP: 3/3
   504 | D:3      | Reached skill level 4 in Fighting
   845 | D:3      | Found an opulent altar of Gozag.
   846 | D:3      | Found a sparkling altar of Nemelex Xobeh.
   914 | D:3      | Reached XP level 4. HP: 26/29 MP: 4/4
   916 | D:3      | Reached skill level 3 in Axes
  1378 | D:4      | Reached XP level 5. HP: 34/34 MP: 5/5
  1393 | D:4      | Noticed a sky beast
  1407 | D:3      | HP: 1/34 [adder (3)]
  1427 | D:3      | Reached skill level 5 in Fighting
  1779 | D:4      | Reached XP level 6. HP: 30/40 MP: 6/6
  1975 | D:4      | Reached skill level 6 in Fighting
  2021 | D:4      | Noticed 4thArraOfDagon's ghost (weakling DDMo)
  2054 | D:4      | Killed 4thArraOfDagon's ghost
  2054 | D:4      | Reached XP level 7. HP: 13/47 MP: 7/7
  2398 | D:4      | Found a burning altar of Makhleb.
  2545 | D:4      | Found a hazy altar of Hepliaklqana.
  3026 | D:5      | Entered Level 5 of the Dungeon
  3063 | D:5      | Found a deep blue altar of Sif Muna.
  3063 | D:5      | Noticed Sigmund
  3082 | D:5      | Killed Sigmund
  3082 | D:5      | Reached skill level 7 in Fighting
  3380 | D:5      | Found a glowing golden altar of the Shining One.
  3401 | D:5      | Reached XP level 8. HP: 46/53 MP: 8/8
  3409 | D:5      | Found a shattered altar of Ashenzari.
  3485 | D:5      | Found a shadowy altar of Dithmenos.
  3608 | D:5      | Found a staircase to the Ecumenical Temple.
  3664 | D:5      | Reached skill level 6 in Axes
  3698 | Temple   | Entered the Ecumenical Temple
  3737 | Temple   | Became a worshipper of Warmaster Okawaru
  4025 | D:5      | Found a snail-covered altar of Cheibriados.
  4090 | D:6      | Reached skill level 8 in Fighting
  4103 | D:6      | Noticed Pikel
  4120 | D:6      | Killed Pikel
  4120 | D:6      | Reached * piety under Okawaru
  4267 | D:6      | Reached skill level 9 in Fighting
  4478 | D:6      | Reached XP level 9. HP: 27/60 MP: 9/9
  4966 | D:6      | Reached skill level 1 in Invocations
  5434 | D:7      | Reached ** piety under Okawaru
  5625 | D:8      | Reached skill level 3 in Invocations
  5693 | D:8      | Noticed Gorglomux's ghost (novice GrFi)
  5984 | D:7      | Found Immuk's General Store.
  5990 | D:7      | Bought a +3 war axe of chopping for 266 gold pieces
  6045 | D:8      | Killed Gorglomux's ghost
  6045 | D:8      | Reached skill level 10 in Fighting
  6045 | D:8      | Reached XP level 10. HP: 62/68 MP: 9/12
  6307 | D:8      | Noticed a two-headed ogre
  6311 | D:8      | Killed a two-headed ogre
  6311 | D:8      | Reached *** piety under Okawaru
  6576 | D:9      | Reached skill level 6 in Armour
  6576 | D:9      | Reached skill level 6 in Shields
  6733 | D:9      | Noticed a five-headed hydra
  6751 | D:9      | Noticed a hand axe
  6751 | D:9      | Noticed a hand axe
  6754 | D:9      | Found a hide-covered altar of Uskayaw.
  7174 | D:10     | Entered Level 10 of the Dungeon
  7196 | D:10     | Found Pinoonash's Assorted Antiques.
  7313 | D:10     | Reached **** piety under Okawaru
  7358 | D:10     | Reached skill level 9 in Axes
  7428 | D:10     | Reached skill level 11 in Fighting
  7433 | D:10     | Noticed a two-headed ogre
  7440 | D:10     | Killed a two-headed ogre
  7440 | D:10     | Reached XP level 11. HP: 52/74 MP: 13/13
  8319 | D:11     | Found a frozen archway.
  8371 | IceCv    | Entered an ice cave
  8697 | IceCv    | Reached ***** piety under Okawaru
  9104 | D:11     | Noticed an orc knight
  9112 | D:11     | Killed an unseen horror
  9148 | D:11     | Killed an orc knight
  9642 | D:11     | Found a staircase to the Lair.
 10181 | D:12     | Noticed a deep elf mage
 10217 | D:12     | Killed a deep elf mage
 10217 | D:12     | Reached skill level 12 in Fighting
 10334 | D:12     | Identified the Catalogue of Glacial Glamour
 10467 | D:12     | Noticed a white ugly thing
 10755 | D:12     | Killed a white ugly thing
 10755 | D:12     | Received a gift from Okawaru
 10755 | D:12     | Reached skill level 9 in Armour
 11083 | D:12     | Reached skill level 9 in Shields
 11087 | D:12     | Reached XP level 12. HP: 81/81 MP: 11/14
 11095 | D:12     | Found a staircase to the Orcish Mines.
 11263 | D:13     | Noticed a five-headed hydra
 11263 | D:13     | Noticed profreshinal's ghost (journeyman OpTm)
 11335 | Lair:1   | Entered Level 1 of the Lair of Beasts
 12740 | Lair:2   | Noticed a seven-headed hydra
 12842 | Lair:2   | Killed a seven-headed hydra
 12936 | Lair:2   | Noticed Gastronok
 12954 | Lair:2   | Killed Gastronok
 12954 | Lair:2   | Received a gift from Okawaru
 13100 | Lair:2   | Reached skill level 13 in Fighting
 13426 | Lair:3   | Reached XP level 13. HP: 88/88 MP: 13/15
 14353 | Lair:3   | Found a staircase to the Shoals.
 14439 | Lair:3   | Found a snail-covered altar of Cheibriados.
 15048 | Lair:4   | Identified 2 scrolls of acquirement
 15049 | Lair:4   | Got a polished broad axe
 15050 | Lair:4   | Identified the +8 broad axe of Himugros {distort, -Tele Str+4 Dex+4 SInv} (You acquired it on level 4 of the Lair of Beasts)
 15284 | Lair:4   | Found a staircase to the Snake Pit.
 15889 | Lair:5   | Reached ****** piety under Okawaru
 15908 | Lair:5   | Found a labyrinth entrance.
 16466 | Lair:6   | Entered Level 6 of the Lair of Beasts
 16483 | Lair:6   | Reached skill level 6 in Invocations
 16519 | Lair:6   | Found a staircase to the Slime Pits.
 16529 | Lair:6   | Received a gift from Okawaru
 16743 | Lair:6   | Gained mutation: Your large and strong wings let you fly indefinitely. [Gargoyle growth]
 16743 | Lair:6   | Reached XP level 14. HP: 95/95 MP: 18/18
 16846 | Lair:6   | Reached skill level 14 in Fighting
 17540 | Lair:6   | Reached skill level 12 in Axes
 17594 | Lair:6   | Reached skill level 12 in Armour
 17624 | Lair:6   | HP: 3/96 [lindwurm/blast of flame (21)]
 17631 | Lair:6   | Reached skill level 12 in Shields
 18199 | Snake:1  | Entered Level 1 of the Snake Pit
 18256 | Snake:1  | Received a gift from Okawaru
 18354 | Snake:1  | Found a runed door.
 18414 | Snake:1  | Noticed Nikola
 18504 | Snake:1  | You fall through a shaft!
 18698 | Snake:2  | Received a gift from Okawaru
 18820 | Snake:2  | Found a hide-covered altar of Uskayaw.
 18863 | Snake:2  | Reached XP level 15. HP: 78/101 MP: 21/21
 19133 | Snake:2  | Received a gift from Okawaru
 19194 | Snake:2  | Found Ulaonur's Antique Armour Shoppe.
 19302 | Snake:3  | Noticed a nagaraja
 19418 | Snake:3  | Reached skill level 9 in Invocations
 19468 | Snake:3  | Noticed a nagaraja
 19474 | Snake:3  | Killed a nagaraja
 19521 | Snake:3  | Noticed Aizul
 19524 | Snake:3  | Banished Aizul
 19524 | Snake:3  | Reached skill level 15 in Fighting
 19642 | Snake:3  | Noticed Vashnia
 19649 | Snake:3  | Banished Vashnia
 19713 | Snake:3  | Noticed Jorgrun
 19720 | Snake:3  | Cast into level 3 of the Abyss (a distortion unwield)
 20081 | Abyss:3  | Noticed a cacodemon
 20097 | Abyss:3  | Noticed a cacodemon
 20100 | Abyss:3  | Received a gift from Okawaru
 20122 | Abyss:3  | Got a fine short sword {god gift}
 20277 | Abyss:3  | Killed a cacodemon
 20360 | Abyss:3  | HP: 4/103 [starcursed mass/accursed screaming (4)]
 20582 | Abyss:3  | Noticed a tentacled starspawn
 20594 | Abyss:3  | Killed a tentacled starspawn
 20594 | Abyss:3  | Reached XP level 16. HP: 59/108 MP: 18/22
 20616 | Abyss:3  | Noticed an Executioner
 20628 | Abyss:3  | Killed an Executioner
 20629 | Abyss:3  | Received a gift from Okawaru
 20821 | Abyss:3  | Noticed a tentacled starspawn
 20884 | Abyss:3  | Killed from afar by a balrug

Vault maps used:
D:1:      matt_arrival_spirals, roderic_roman_lattice
D:3:      grunt_temple_overflow_opulence
D:4:      lemuel_crystal_altar, marbit_many_paths, minmay_gold_behind_fungi,
          lexackson_kobold_supper
D:5:      led_sif_pool, nicolae_dithmenos_shadow_blocks,
          grunt_temple_overflow_open, slow_altar_2,
          minmay_temple_entry_poolview, first_ration, uniq_sigmund
D:6:      minivault_27, uniq_pikel
D:7:      serial_shops, nicolae_shop_trees, chequers_ossuary_entry_cave
D:9:      dancing_weapons_uskayaw, enter_bailey_3, uniq_grum
D:10:     serial_shops, nicolae_shop_competitors_out_of_business
D:11:     lair_entry_dummy, portal_ice_cave_entry_pillars_2, special_room
D:12:     erik_orc_1
D:13:     lightli_vaults_fourway_checkpoint, uniq_rupert
Temple:   nicolae_temple_hex_pool
Lair:1:   minmay_lair_oklob_chamber
Lair:2:   uniq_gastronok
Lair:3:   elwin_shoals_entry_rooms, special_room, basic_altar, lemuel_fruit_tree
Lair:4:   guppyfry_snake_entry_island
Lair:5:   lab_entry_generic, nicolae_quartered_pool_super, lemuel_fruit_fields
Lair:6:   grunt_lair_end_beastmaster, slime_dummy, ldierk_geyser, wad_woods_01
Snake:1:  cheibrodos_toxic_ritual, uniq_nikola
Snake:2:  basic_altar, serial_shops, nicolae_shop_overgrown_old_shop
Snake:3:  serial_shops, nicolae_shop_behind_doors, uniq_jorgrun, uniq_aizul,
          uniq_vashnia
Abyss:3:  minivault_4
IceCv:    ice_cave_small_giant

Skill      XL: |  1  2  3  4  5  6  7  8  9 10 11 12 13 14 15 16 |
---------------+-------------------------------------------------+-----
Axes           | 2 3 4 5 7 8 9 10 11 12 13 | 13.4
Fighting       | 4 5 6 7 9 10 11 12 13 14 15 | 15.8
Invocations    | 3 6 8 9 |  9.0
Shields        | 5 7 9 10 11 12 13 | 13.9
Armour         | 5 7 9 10 11 12 13 14 | 14.0

Action                   |  1- 3 |  4- 6 |  7- 9 | 10-12 | 13-15 | 16-18 || total
-------------------------+-------+-------+-------+-------+-------+-------++-------
Melee: War axe           |    97 |   138 |   376 |   676 |   189 |       ||  1476
       Flail             |       |       |       |     7 |    13 |       ||    20
       Broad axe         |       |       |       |       |   682 |    98 ||   780
Invok: Heroism           |       |       |     3 |    16 |    18 |     5 ||    42
       Finesse           |       |       |       |     1 |    11 |     3 ||    15
  Use: Potion            |     1 |     2 |       |     5 |     5 |     2 ||    15
       Scroll            |       |       |     8 |     3 |    17 |       ||    28
  Eat: Chunk             |       |     1 |    12 |    25 |    19 |       ||    57
       Ration            |       |     1 |       |     1 |     2 |       ||     4
Armor: Scale mail        |    72 |    76 |   107 |       |       |       ||   255
       Plate armour      |       |       |    87 |   557 |   504 |    52 ||  1200
       Skin              |       |       |       |    17 |       |       ||    17
Dodge: Dodged            |    48 |    54 |    82 |   106 |   138 |    15 ||   443
       Deflected         |       |       |       |       |    23 |     3 ||    26
Block: Shield            |    74 |    65 |   132 |       |       |       ||   271
       Large shield      |       |       |    66 |   722 |   965 |    90 ||  1843

Table legend:
 A = Spawn XP
 B = Non-spawn XP
 C = Spawn XP percentage of total XP
 D = Spawn monster count
 E = Non-spawn monster count
 F = Spawn count percentage of total count
 G = Total turns spent on level
                    A         B        C        D         E        F      G
               +---------+---------+-------+---------+---------+-------+---------
         Total |   23872 |  116226 |  17.0 |      49 |     585 |   7.7 | 20884
               +---------+---------+-------+---------+---------+-------+---------
           D:1 |       0 |      22 |   0.0 |       0 |      10 |   0.0 |   237
           D:2 |       0 |       7 |   0.0 |       0 |       4 |   0.0 |    87
           D:3 |       0 |     154 |   0.0 |       0 |      23 |   0.0 |  1239
           D:4 |       0 |     636 |   0.0 |       0 |      27 |   0.0 |  1463
           D:5 |       0 |     542 |   0.0 |       0 |      24 |   0.0 |   993
           D:6 |       0 |    1389 |   0.0 |       0 |      25 |   0.0 |  1068
           D:7 |       0 |    1041 |   0.0 |       0 |      25 |   0.0 |   724
           D:8 |       0 |    2349 |   0.0 |       0 |      17 |   0.0 |   991
           D:9 |       0 |    1315 |   0.0 |       0 |      25 |   0.0 |   321
          D:10 |       0 |    2451 |   0.0 |       0 |      23 |   0.0 |  1059
          D:11 |       0 |    3222 |   0.0 |       0 |      54 |   0.0 |  1315
          D:12 |       0 |    2831 |   0.0 |       0 |      31 |   0.0 |  1124
        Lair:1 |       0 |    6109 |   0.0 |       0 |      26 |   0.0 |  1407
        Lair:2 |       0 |    5491 |   0.0 |       0 |      12 |   0.0 |   597
        Lair:3 |       0 |    7597 |   0.0 |       0 |      43 |   0.0 |  1162
        Lair:4 |       0 |    6385 |   0.0 |       0 |      28 |   0.0 |  1126
        Lair:5 |       0 |    3580 |   0.0 |       0 |      15 |   0.0 |   838
        Lair:6 |       0 |   20408 |   0.0 |       0 |      60 |   0.0 |  1699
       Snake:1 |       0 |    6951 |   0.0 |       0 |      15 |   0.0 |   305
       Snake:2 |       0 |   15012 |   0.0 |       0 |      33 |   0.0 |   796
       Snake:3 |       0 |   20228 |   0.0 |       0 |      35 |   0.0 |   420
       Abyss:3 |   23872 |    5443 |  81.4 |      49 |      15 |  76.6 |  1164
         IceCv |       0 |    3063 |   0.0 |       0 |      15 |   0.0 |   694
               +---------+---------+-------+---------+---------+-------+---------
